 Dungeon Crawl Stone Soup version 0.29.1-2-gbd0b4ee654 (webtiles) character file.

Game seed: 14953665733344219776

35 styxcanada the Sneak (level 3, 0/18 HPs)
             Began as a Spriggan Brigand on Nov 5, 2022.
             Killed from afar by Natasha (6 damage)
             ... with a magic dart
             ... on level 2 of the Dungeon.
             The game lasted 00:04:48 (1823 turns).

styxcanada the Sneak (Spriggan Brigand)             Turns: 1823, Time: 00:04:49

Health: 0/18       AC:  3    Str:  7    XL:     3   Next: 17%
Magic:  4/4        EV: 17    Int: 12    God:
Gold:   109        SH:  0    Dex: 18    Spells: 2/2 levels left

rFire   . . .      SeeInvis +   a - +2 dagger
rCold   . . .      Faith    .   (no shield)
rNeg    . . .      Spirit   .   b - +0 robe
rPois   .          Reflect  .   (helmet restricted)
rElec   .          Harm     .   c - +0 cloak
rCorr   .          Rampage  .   (gloves unavailable)
Will    .....                   (boots unavailable)
Stlth   ++++......              (no amulet)
HPRegen 0.06/turn               (no ring)
MPRegen 0.09/turn               (no ring)

@: very quick
A: very small, no large weapons, unfitting armour, see invisible, speed 3
a: no special abilities


You were on level 2 of the Dungeon.
You visited 1 branch of the dungeon, and saw 2 of its levels.

You collected 109 gold pieces.

Inventory:

Hand Weapons
 a - a +2 dagger (weapon)
Missiles
 g - 12 stones (quivered)
Armour
 b - a +0 robe (worn)
 c - a +0 cloak (worn)
Scrolls
 f - a scroll of magic mapping {unknown}
 h - a scroll of amnesia {unknown}
 j - a scroll of identify {unknown}
 l - a scroll of enchant weapon {unknown}
 m - a scroll of enchant armour {unknown}
Potions
 i - 2 potions of haste {unknown}
 k - a potion of mutation {unknown}
 n - a potion of resistance {unknown}
 o - a potion of attraction {unknown}


   Skills:
 * Level 1.7 Fighting
 + Level 2.3 Short Blades
 + Level 2.1 Throwing
 * Level 1.7 Dodging
 * Level 7.2 Stealth


You had 2 spell levels left.
You didn't know any spells.
Your spell library was empty.

Dungeon Overview and Level Annotations

Branches:
Dungeon (2/15)

Altars:

Shops:
D:2 [

Annotations:
D:2 Natasha


Innate Abilities, Weirdness & Mutations

You are very small and have problems with some larger weapons.
You are too small for most types of armour.
You have supernaturally acute eyesight. (SInv)
You cover ground extremely quickly. (Speed+++)


Message History

An adder is nearby!
Throw: dart (curare)
Press: ? - help, Q - select action, (/) - cycle Shift-Dir - straight line, f/p - adder
Aim: an adder (42% to hit)
You throw a curare-tipped dart. The curare-tipped dart hits the adder.
The adder is poisoned.
The adder convulses.
The adder seems to slow down.
The adder is almost dead.
You hit the adder.
You kill the adder!
You have reached level 3!
Your experience leads to an increase in your attributes!
Increase (S)trength, (I)ntelligence, or (D)exterity?
You feel agile. x2
You see here an adder corpse.
e - a curare-tipped dart You see here a worm corpse.
d - a poisoned dart You see here a poisoned dart.
You see here a poisoned dart.
Throw: dart (curare)
Press: ? - help, Q - select action, (/) - cycle Shift-Dir - straight line, f - Natasha
Aim: Natasha (heavily wounded, wandering, hasn't noticed you, 55% to hit)
You throw a curare-tipped dart.
The curare-tipped dart closely misses Natasha.
Natasha hisses angrily.
Throw: dart (poison)
Press: ? - help, Q - select action, (/) - cycle Shift-Dir - straight line, f/p - Natasha
Aim: Natasha (heavily wounded, 55% to hit)
You throw a poisoned dart.
The poisoned dart closely misses Natasha.
Throw: 13 stones
Press: ? - help, Q - select action Shift-Dir - straight line, f/p - Natasha
Aim: Natasha (heavily wounded, 55% to hit)
You throw a stone.
The stone hits Natasha but does no damage.
Natasha is heavily wounded.
Natasha casts a spell at you. The magic dart hits you.
You die...

##### ##### ....? ....
...... ######## ...
###...... .......#
.... #.)......
.......## ..#.# #.#
#...#...# ##.. #.#
###†# .#.#..#.#...
#.#####...#
..ggh...#.#
##@.(.†..###
.#.#..#w..#
##.†..#####
#...#.#.### ##.(##h.#
......#.#####((.###..#
#######.w..).....# #(#
#.#####....# .## #.#
#...##.###..# #.#
#..###...##.# #<###.##
###.##.#


You could see Natasha.

Vanquished Creatures
  An adder (D:2)
  A worm (D:2)
  A dart slug (D:2)
  An endoplasm (D:2)
  2 goblins (D:1)
  2 hobgoblins
  2 jackals (D:1)
  3 kobolds
  A quokka (D:1)
  3 bats
  4 frilled lizards (D:1)
21 creatures vanquished.

Notes
Turn   | Place    | Note
-------+----------+-------------------------------------------
     0 | D:1      | styxcanada the Spriggan Brigand began the quest for the
                  | Orb.
     0 | D:1      | Reached XP level 1. HP: 10/10 MP: 2/2
    19 | D:1      | Reached skill level 6 in Stealth
   123 | D:1      | Found a faded altar of an unknown god.
   684 | D:1      | Reached XP level 2. HP: 14/15 MP: 3/3
  1376 | D:2      | Noticed Natasha
  1382 | D:2      | Found Ironoh's Antique Armour Shop.
  1723 | D:2      | Noticed a crimson imp
  1725 | D:2      | Noticed a crimson imp
  1800 | D:2      | Reached skill level 7 in Stealth
  1810 | D:2      | Reached XP level 3. HP: 6/18 MP: 4/4
  1823 | D:2      | Killed from afar by Natasha

Illustrated notes

Levels and vault maps discovered:
D:1:      roderic_chinese_lattice_arrival, layout_basic,
          hellmonk_ecumenical_altar_run_dry
D:2:      layout_rooms, serial_shops, nicolae_shop_advertising_works
          [nicolae_subvault_shop_adworks], uniq_natasha

Skill      XL: |  1  2 |
---------------+-------+-----
Stealth        | 6 7 |  7.2
Fighting       | |  1.7
Short Blades   | |  2.3
Throwing       | |  2.1
Dodging        | |  1.7

Action                   || total
-------------------------++-------
Melee: Dagger            ||    53
Throw: Dart              ||    21
       Stone             ||     1
  Use: Scroll            ||     1
 Stab: Sleeping          ||     7
Armor: Robe              ||     3
Dodge: Dodged            ||    44
